 Dungeon Crawl Stone Soup version 0.29.1-13-g9f3cf754e1 (webtiles) character file.

Game seed: 16775275307374058985

338 SilverX5502 the Chopper (level 6, -2/69 (84) HPs)
             Began as a Minotaur Fighter on Feb 10, 2023.
             Was an Initiate of Okawaru.
             Slain by an orc wizard
             ... wielding a +0 dagger
              (4 damage)
             ... on level 4 of the Dungeon.
             The game lasted 00:10:15 (3161 turns).

SilverX5502 the Chopper (Minotaur Fighter)          Turns: 3161, Time: 00:10:15

HP:   -2/69 (84)    AC: 10    Str: 23    XL:     6   Next: 29%
MP:   5/5           EV:  9    Int:  5    God:    Okawaru [......]
Gold: 205           SH:  4    Dex:  9    Spells: 5/5 levels left

rFire   . . .      SeeInvis .   a - +0 war axe
rCold   . . .      Faith    .   c - +0 buckler
rNeg    . . .      Spirit   .   b - +0 scale mail
rPois   .          Reflect  .   (helmet restricted)
rElec   .          Harm     .   (no cloak)
rCorr   .          Rampage  .   (no gloves)
Will    .....                   q - +2 pair of boots
Stlth   ..........              (no amulet)
HPRegen 0.21/turn               (no ring)
MPRegen 0.09/turn               (no ring)

@: berserking, attractive, heavily drained, very quick
A: horns 2, retaliatory headbutt
a: Renounce Religion


You were on level 4 of the Dungeon.
You worshipped Okawaru.
Okawaru was noncommittal.
You visited 1 branch of the dungeon, and saw 4 of its levels.

You collected 205 gold pieces.

Inventory:

Hand Weapons
 a - a +0 war axe (weapon)
Missiles
 h - 37 stones (quivered)
 t - 3 boomerangs of dispersal
Armour
 b - a +0 scale mail (worn)
 c - a +0 buckler (worn)
 q - a +2 pair of boots (worn)
Wands
 p - a wand of flame (20)
Scrolls
 e - a scroll of fear {unknown}
 g - a scroll of enchant weapon {unknown}
 i - a scroll of summoning {unknown}
 k - a scroll of fog {unknown}
 l - a scroll of teleportation {unknown}
 m - a scroll of blinking {unknown}
 o - a scroll of poison {unknown}
 v - a scroll of magic mapping {unknown}
 x - a scroll of immolation {unknown}
 y - a scroll of silence {unknown}
Potions
 d - a potion of might
 f - 2 potions of cancellation {unknown}
 j - a potion of heal wounds {unknown}
 n - a potion of degeneration {unknown}
 r - a potion of haste {unknown}
 s - 2 potions of attraction
 u - a potion of berserk rage
 w - 2 potions of lignification {unknown}


   Skills:
 + Level 5.0 Fighting
 * Level 5.4 Axes
 + Level 5.0 Armour
 + Level 4.9 Shields


You had 5 spell levels left.
You didn't know any spells.
Your spell library contained the following spells:

 Spells                   Type           Power      Damage    Failure   Level
 Slow                     Hex            0%         N/A       86%         1
 Confusing Touch          Hex            0%         N/A       99%         3
 Vampiric Draining        Necr           0%         2d6       99%         3
 Corpse Rot               Necr/Pois/Air  0%         N/A       100%        4
 Dispel Undead            Necr           0%         3d6       100%        4
 Death Channel            Necr           Unusable   N/A       N/A         6

Dungeon Overview and Level Annotations

Branches:
Dungeon (4/15)
 Temple: D:4-7

Altars:
Kikubaaqudgha
Okawaru
Ru
Uskayaw

Shops:
D:1 !   D:2 !

Annotations:
D:4 Edmund


Innate Abilities, Weirdness & Mutations

You have a pair of horns on your head.
You reflexively headbutt those who attack you in melee.


Message History

The orc wizard hits you with a +0 dagger.
* * * LOW HITPOINT WARNING * * *
Edmund closely misses you. You furiously retaliate!
You headbutt Edmund, but do no damage. You hit Edmund but do no damage.
Edmund is heavily wounded.
You barely miss the orc wizard. Edmund barely misses you.
The orc wizard barely misses you.
Edmund hits you with a +5 flail of draining.
* * * LOW HITPOINT WARNING * * *
You feel drained.
* * * LOW HITPOINT WARNING * * *
The orc wizard hits you but does no damage.
Okay, then.
Unknown command.
Unknown command.
Okay, then.
Unknown command.
It was a potion of attraction.
You feel attractive to monsters.
The orc wizard hits you but does no damage.
Edmund closely misses you.
It was a potion of berserk rage.
A red film seems to cover your vision as you go berserk!
You feel yourself moving faster!
You feel mighty!
Edmund hits you with a +5 flail of draining.
* * * LOW HITPOINT WARNING * * *
You feel drained.
* * * LOW HITPOINT WARNING * * *
The orc wizard hits you but does no damage.
You barely miss Edmund.
Edmund is heavily wounded.
You barely miss the orc wizard. Edmund barely misses you.
You furiously retaliate!
You headbutt Edmund.
The orc wizard hits you but does no damage.
You slash Edmund!
Edmund is almost dead.
You barely miss the orc wizard.
The orc wizard hits you with a +0 dagger.
You die...

..# ... #.. .....# ... ###
#.. #.....# ...
....##'###.....# ...
..?#..........# ..
.'..........# #..........#
#..........#
###o@........# ##
.....o@)........# .#
......##'##.....# .#
......#...#.....# .# .....
#...#.....# .# .....
#...#.....# .#...........
#...#.....#
.#......########...#.....#
.#......'.....##...#.....#


You could see Edmund, an orc wizard and an orc.

Vanquished Creatures
  Duvessa (D:4)
  Dowan (D:4)
  2 iguanas
  4 adders
  A gnoll (D:4)
  An ufetubus (D:4)
  5 dart slugs
  8 orcs
  2 bats
  6 endoplasms
  4 giant cockroaches
  8 goblins
  5 hobgoblins
  A quokka (D:1)
  8 ball pythons
  3 frilled lizards
  15 kobolds
  7 rats
82 creatures vanquished.

Vanquished Creatures (others)
  4 fungi (D:3)
  4 plants (D:3)
8 creatures vanquished.

Grand Total: 90 creatures vanquished

Notes
Turn   | Place    | Note
-------+----------+-------------------------------------------
     0 | D:1      | SilverX5502 the Minotaur Fighter began the quest for the
                  | Orb.
     0 | D:1      | Reached XP level 1. HP: 19/19 MP: 0/0
    26 | D:1      | Found Wibiz's General Store.
   497 | D:2      | Reached XP level 2. HP: 27/27 MP: 1/1
   534 | D:1      | Found Winidel's Distillery.
  1237 | D:2      | Found Derghuugu's Distillery.
  1283 | D:2      | Reached XP level 3. HP: 33/33 MP: 2/2
  1441 | D:2      | You fall into a shaft and drop 1 floor!
  1512 | D:3      | Found an iron altar of Okawaru.
  1512 | D:3      | Found an ancient bone altar of Kikubaaqudgha.
  1514 | D:3      | Found a sacrificial altar of Ru.
  1514 | D:3      | Found a hide-covered altar of Uskayaw.
  1523 | D:3      | Reached XP level 4. HP: 37/40 MP: 3/3
  1523 | D:3      | Became a worshipper of Warmaster Okawaru
  1630 | D:4      | Noticed Duvessa
  1630 | D:4      | Noticed Dowan
  1643 | D:4      | Killed Duvessa
  1644 | D:4      | Reached XP level 5. HP: 12/47 MP: 4/4
  1881 | D:4      | Killed Dowan
  2053 | D:3      | Reached skill level 5 in Axes
  2297 | D:3      | Reached XP level 6. HP: 55/55 MP: 5/5
  2506 | D:3      | Found a faded altar of an unknown god.
  2873 | D:4      | Reached skill level 5 in Armour
  2877 | D:4      | Reached skill level 5 in Fighting
  3146 | D:4      | Noticed Edmund
  3159 | D:4      | HP: 3/70 [Edmund/+5 flail of draining (4)]
  3161 | D:4      | Slain by an orc wizard

Illustrated notes

Levels and vault maps discovered:
D:1:      dpeg_arrival_tiny_b, layout_loops_ring, serial_shops,
          nicolae_shop_hallway_plus, shop, nrook_uturn
D:2:      kennysheep_big_flooded_room, layout_loops_cross, serial_shops,
          shop_statue, basic_altar, uniq_robin
D:3:      corexii_shack_village, layout_loops_ring,
          chequers_temple_overflow_statue_of_worship,
          shapermc_ecumenical_altar_mp_urbaneastern
D:4:      layout_gridville, kennysheep_mini_moat,
          minmay_fractal_squares_gapless_5, uniq_duvessa, uniq_edmund,
          uniq_menkaure

Skill      XL: |  1  2  3  4  5  6 |
---------------+-------------------+-----
Axes           | 3 4 5 |  5.4
Shields        | 4 |  4.9
Fighting       | 4 5 |  5.0
Armour         | 4 5 |  5.0

Action                   |  1- 3 |  4- 6 || total
-------------------------+-------+-------++-------
Melee: War axe           |    68 |   106 ||   174
       Headbutt          |     6 |    10 ||    16
Throw: Stone             |     2 |       ||     2
  Use: Potion            |       |     2 ||     2
Armor: Scale mail        |    32 |    57 ||    89
Dodge: Dodged            |    50 |    47 ||    97
Block: Buckler           |    16 |    14 ||    30
